Unix NetHack Version 5.0.0-0 post-release - last build Jun 10 2026 00:39:30 (3ee93aec679c4c4259841fe613dc97188e26a321,branch:main).

Game began 2026-07-07 18:39:51, ended 2026-07-07 19:02:16.

DaveT, lawful male human Priest

                   -------                           ---------------
                   |.....|                           ..............|
                `##......|       #                   |.............|
                #  |...<.|  #########                |..^..........|
  ------------###  |.....|###########################.....>........|
  |`.........-#    -------#     %--.----------   #%# -------|-------
  |..........|      #######     @|C.........C|     #        ##
  |..[.......|      #           #|.....C.....|     ########  #
  |`.........-#######           #|...-----...|            #  #
  |..........|                  #|.....{.|...|            #  `########
  |..........|##                #|..C|{.{|C..|            ##  -------.-------
  ------------ ###              #|...| {.|...|             ###..............|
                 ###    -----   #|...-----...|                |.............|
                   #####....|   #|.....C.....|                +.............|
                        |...|   #|C.........C|                |.............|
                        |..*.####-------------                |.*...........|
                        |...|                                 ---------------
                        |...|
                        -----

DaveT the Adept              St:13 Dx:10 Co:15 In:9 Wi:18 Ch:12  Lawful
Dlvl:7  $:151 HP:0(49) Pw:78(78) AC:4  Xp:6 T:3899  Burdened

Latest messages:
 Fortunately, you are wearing a hard helmet.
 With great effort you move the boulder.
 You try to move the boulder, but in vain.
 You try to move the boulder, but in vain.
 That door is closed.
 The door opens.
 You hear snoring snakes.
 You fall down the stairs.
 You climb up the stairs.
 You kill the acid blob!
 You are splashed by the acid blob's acid!
 The giant ant bites!
 You hit the giant ant!
 The giant ant bites!
 The giant ant bites!
 You miss the giant ant.
 The giant ant bites!
 The giant ant bites!
 You miss the giant ant.
 The giant ant misses!
 You miss the giant ant.
 The giant ant bites!
 The giant ant bites!
 The giant ant bites!
 The giant ant misses!
 The giant ant misses!
 The giant ant bites!
 The giant ant bites!
 The giant ant bites!
 The giant ant bites!
 The giant ant bites!
 The giant ant bites!
 What do you want to zap? [sGS or ?*] ?
 In what direction? k
 You kill the giant ant!
 You kill it!
 You hear convulsive ravings.
 You see here a giant ant corpse.
 The giant ant bites!
 The giant ant bites!
 The giant ant bites!
 What do you want to zap? [sGS or ?*] s
 The giant ant bites!
 What do you want to zap? [sGS or ?*] S
 In what direction? k
 You kill the giant ant!
 The bolt of cold hits you!
 You die...
 Do you want your possessions identified? [ynq] (y) y
 Do you want to see your attributes? [ynq] (y) q

Inventory:
 Coins    ('$')
  $ - 151 gold pieces
 Amulets  ('"')
  Z - an amulet versus poison (being worn)
 Weapons  (')')
  A - 9 +0 shuriken
  E - a +0 dagger
  x - a +2 orcish dagger (at the ready)
  t - a +0 orcish dagger
  a - a blessed rusty +2 mace (weapon in right hand)
  W - a +0 mace
 Armor    ('[')
  B - a +0 dunce cap
  w - a +0 orcish helm (being worn)
  c - a +0 small shield (being worn)
  b - a +0 robe (being worn)
  C - a +0 T-shirt with text "cK -- Cockatrice touches the Kop" (being worn)
  D - a blessed +0 leather armor (being worn)
 Comestibles  ('%')
  y - a slime mold
  e - a clove of garlic
  f - a sprig of wolfsbane
 Scrolls  ('?')
  p - a blessed scroll of blank paper
  z - a blessed scroll of confuse monster
  F - a scroll of identify
  R - a blessed scroll of stinking cloud
 Spellbooks  ('+')
  H - a spellbook of healing
 Potions  ('!')
  v - a cursed potion of extra healing
  l - a cursed potion of restore ability
  d - 3 potions of holy water
  g - a potion of water
 Rings    ('=')
  r - a ring of free action
 Wands    ('/')
  S - a wand of cold (0:1)
  G - a wand of stasis (0:5)
  s - a wand of stasis (0:4)
 Tools    ('(')
  q - a cursed figurine of a brown pudding
  m - a figurine of a fire elemental
  u - a magic marker (0:56)
  o - a +0 pick-axe
  k - a towel
 Gems/Stones  ('*')
  T - a worthless piece of green glass
  V - a worthless piece of red glass

DaveT the Priest's attributes:

Background:
 You were an Adept, a level 6 human Priest.
 You were lawful, on a mission for Blind Io
 who was opposed by The Lady (neutral) and Offler (chaotic).
 You were right-handed.
 You were in the Dungeons of Doom, on level 7.
 You entered the dungeon 3899 turns ago.
 You had 479 experience points, 161 more were needed to attain level 7.

Basics:
 You had 0 out of 49 hit points.
 You had all 78 energy points (spell power).
 Your armor class was 4.
 Your wallet contained 151 zorkmids.
 Autopickup was off.

Final Characteristics:
 Your strength was 13 (limit:18/100).
 Your dexterity was 10 (limit:18).
 Your constitution was 15 (limit:18).
 Your intelligence was 9 (limit:18).
 Your wisdom was 18 (limit:18).
 Your charisma was 12 (limit:18).

Final Status:
 You weren't hungry.
 You were burdened; movement was slightly slowed.
 You were wielding a mace.
 You were skilled in mace.

Final Attributes:
 You were piously aligned.
 You were poison resistant.
 You were guarded.
 Your spell casting was enhanced by wearing a robe.
 You are dead.

Miscellaneous:
 You didn't encounter any bones levels.
 Total elapsed playing time was 22 minutes and 23 seconds.

Major events:
 Turn
    1: DaveT the lawful human Priest entered the dungeon
  916: attained the rank of Acolyte (level 3)
 2058: entered the Gnomish Mines
 3462: attained the rank of Adept (level 6)
 3899: killed by a bolt of cold zapped by himself

Spells:
 Name                 Level Category     Fail Retention
 protection             1   clerical       0%   81%-90%
 detect food            2   divination    35%  76%-100%
 force bolt             1   attack         0%  76%-100%
 healing                1   healing        0%  76%-100%

Skills:
 Fighting Skills
   bare handed combat [Unskilled]
 Weapon Skills
   club               [Unskilled]
   mace               [Skilled]
   morning star       [Unskilled]
   flail              [Unskilled]
   hammer             [Unskilled]
   quarterstaff       [Unskilled]
   polearms           [Unskilled]
   spear              [Unskilled]
   trident            [Unskilled]
   lance              [Unskilled]
   bow                [Unskilled]
   sling              [Unskilled]
   crossbow           [Unskilled]
   dart               [Unskilled]
   shuriken           [Unskilled]
   boomerang          [Unskilled]
   unicorn horn       [Unskilled]
 Spellcasting Skills
   healing spells     [Unskilled]
   divination spells  [Unskilled]
   clerical spells    [Basic]

Voluntary challenges:
 Character rerolling was not enabled.
 You never genocided any monsters.
 You never polymorphed an object.
 You never changed form.
 You used no wishes.
Achievements:
 You entered a shop.
 You attained the rank of Acolyte.
 You entered the Gnomish Mines.
 You attained the rank of Adept.

 The Dungeons of Doom: levels 1 to 8
    Level 1:
       A fountain.
    Level 2:
       A general store, many fountains.
    Level 3:
       An armor shop.
    Level 4:
       A bookstore, some fountains.
       Stairs down to The Gnomish Mines.
    Level 5:
    Level 6:
       A fountain.
    Level 7: <- You were here.
       Many fountains.
       Final resting place for
          you, killed by a bolt of cold zapped by yourself.
    Level 8:
 The Gnomish Mines:
    Level 5:


Vanquished creatures:
  a small mimic
  a baby long worm
  a bugbear
  a water nymph
  a fog cloud
  a yellow light
  a shrieker
  2 gnomish wizards
  4 giant ants
  2 floating eyes
  2 dwarves
  a homunculus
  a kobold leader
  a kobold shaman
  a rothe
  a rabid rat
  a centipede
  2 giant bats
  2 dwarf zombies
  a werejackal
 an iguana
  2 acid blobs
  a gas spore
  a giant rat
  2 cave spiders
  a green mold
 29 garter snakes
  a jackal
  a kobold
  5 goblins
  8 grid bugs
  5 lichens
  a kobold zombie
  2 newts
88 creatures vanquished.

No species were genocided or became extinct.

Game over:
                       ----------
                      /          \
                     /    REST    \
                    /      IN      \
                   /     PEACE      \
                  /                  \
                  |      DaveT       |
                  |      151 Au      |
                  | killed by a bolt |
                  |  of cold zapped  |
                  |    by himself    |
                  |                  |
                  |       2026       |
                 *|     *  *  *      | *
        _________)/\\_//(\/(/\)/\//\/|_)_______

Goodbye DaveT the Priest...

You died in The Dungeons of Doom on dungeon level 7 with 2482 points,
and 151 pieces of gold, after 3899 moves.
You were level 6 with a maximum of 49 hit points when you died.

